 Seeded DCSS version 0.29.1-15-g9cfb28693d (webtiles) character file.

Game seed: 16814609885328743250 (custom seed)

72 Gelion the Sneak (level 4, 0/27 HPs)
             Began as a Kobold Brigand on June 1, 2023.
             Slain by an orc priest
             ... wielding a +0 dagger
              (1 damage)
             ... on level 3 of the Dungeon.
             The game lasted 00:02:49 (1751 turns).

Gelion the Sneak (Kobold Brigand)                   Turns: 1751, Time: 00:02:50

Health: 0/27       AC:  3    Str:  8    XL:     4   Next: 48%
Magic:  4/4        EV: 15    Int: 12    God:
Gold:   101        SH:  0    Dex: 18    Spells: 3/3 levels left

rFire   . . .      SeeInvis .   g - +1 dagger (elec)
rCold   . . .      Faith    .   (no shield)
rNeg    . . .      Spirit   .   b - +0 robe
rPois   .          Reflect  .   (no helmet)
rElec   .          Harm     .   c - +0 cloak
rCorr   .          Rampage  .   (no gloves)
Will    +....                   (no boots)
Stlth   ++++......              (no amulet)
HPRegen 0.09/turn               k - ring of willpower
MPRegen 0.09/turn               (no ring)

@: no status effects
A: small, no large weapons, nightstalker 3
a: no special abilities


You were on level 3 of the Dungeon.
You visited 1 branch of the dungeon, and saw 3 of its levels.

You collected 101 gold pieces.

Inventory:

Hand Weapons
 g - a +1 dagger of electrocution (weapon)
 r - a +1 dagger of venom
Missiles
 d - 9 poisoned darts (quivered)
 e - 3 curare-tipped darts
Armour
 b - a +0 robe (worn)
 c - a +0 cloak (worn)
Jewellery
 k - a ring of willpower (left hand)
Scrolls
 a - 2 scrolls of noise {unknown}
 f - 6 scrolls of identify {unknown}
 h - 2 scrolls of blinking {unknown}
 i - 2 scrolls of teleportation {unknown}
 m - 2 scrolls of enchant weapon {unknown}
 t - a scroll of poison {unknown}
 u - a scroll of amnesia {unknown}
Potions
 j - a potion of ambrosia {unknown}
 l - 2 potions of degeneration {unknown}
 n - 2 potions of might {unknown}
 o - a potion of heal wounds {unknown}
 p - 2 potions of curing {unknown}
 q - a potion of lignification {unknown}
 s - a potion of magic {unknown}


   Skills:
 + Level 2.6 Fighting
 * Level 3.8 Short Blades
 + Level 2.6 Throwing
 + Level 2.1 Dodging
 * Level 6.1 Stealth


You had 3 spell levels left.
You didn't know any spells.
Your spell library contained the following spells:

 Spells                   Type           Power      Damage    Failure   Level
 Portal Projectile        Hex/Tloc       0%         N/A       69%         3
 Animate Armour           Summ/Erth      0%         N/A       97%         4
 Haunt                    Necr/Summ      0%         N/A       100%        7


Dungeon Overview and Level Annotations

Branches:
Dungeon (3/15)

Altars:


Innate Abilities, Weirdness & Mutations

You are small and have problems with some larger weapons.
You are completely attuned to the shadows.


Message History

The orc priest is lightly wounded.
The orc priest barely misses you.
You hit the orc priest.
The orc priest is heavily wounded.
The orc priest completely misses you.
You hit the orc priest but do no damage.
The orc priest is heavily wounded.
The orc priest misses you.
You hit the orc priest but do no damage.
The orc priest is heavily wounded.
The orc wizard gestures wildly while chanting.
The orc wizard flickers and vanishes!
Deactivating autopickup; reactivate with Ctrl-A.
The orc priest calls down the wrath of Beogh upon you.
Beogh smites you!
You hit the orc priest but do no damage.
The orc priest is heavily wounded.
The orc priest completely misses you.
You barely miss the orc priest.
The orc priest is heavily wounded.
You hit the orc priest but do no damage.
The orc priest is heavily wounded.
The orc priest barely misses you.
You hit the orc priest but do no damage.
The orc priest is heavily wounded.
The orc priest hits you with a +0 dagger.
You hit the orc priest but do no damage.
The orc priest is heavily wounded.
The orc priest hits you but does no damage.
You completely miss the orc priest.
The orc priest is heavily wounded.
The orc priest calls down the wrath of Beogh upon you.
Beogh smites you!
* * * LOW HITPOINT WARNING * * *
You hit the orc priest.
The orc priest is severely wounded.
You hit the orc priest but do no damage.
The orc priest is severely wounded.
The orc priest hits you with a +0 dagger.
You die...

. ..
...############
..{o@.........#
.########...[.#
#.##..# #.##..#
#.##..##
#......#
#..#..##
#..#.##
###....####


You could see an orc priest.

Vanquished Creatures
  Jessica (D:2)
  A dart slug (D:1)
  2 orcs (D:3)
  3 ball pythons (D:2)
  3 endoplasms
  4 goblins (D:1)
  3 hobgoblins (D:2)
  4 jackals (D:2)
  4 quokkas
  5 bats
  2 frilled lizards
  3 kobolds
  A rat (D:2)
36 creatures vanquished.

Notes
Turn   | Place    | Note
-------+----------+-------------------------------------------
     0 | D:1      | Gelion the Kobold Brigand began the quest for the Orb.
     0 | D:1      | Reached XP level 1. HP: 12/12 MP: 1/1
   355 | D:1      | Reached XP level 2. HP: 17/17 MP: 2/2
   555 | D:1      | Found a faded altar of an unknown god.
   855 | D:2      | Noticed Jessica
   859 | D:2      | Killed Jessica
   860 | D:2      | Reached XP level 3. HP: 22/22 MP: 3/3
   950 | D:2      | Reached XP level 4. HP: 27/27 MP: 4/4
  1157 | D:2      | Reached skill level 6 in Stealth
  1619 | D:2      | Got the Anthology of Topological Accomplices
  1749 | D:3      | HP: 1/27 [orc priest/divine providence (12)]
  1751 | D:3      | Slain by an orc priest

Illustrated notes

Levels and vault maps discovered:
D:1:      dpeg_arrival_tiny_j, layout_rooms,
          shapermc_ecumenical_altar_totnotflames
D:2:      layout_loops_ring, kennysheep_jessica_study
D:3:      layout_loops_corners

Skill      XL: |  1  2  3  4 |
---------------+-------------+-----
Short Blades   | 3 |  3.8
Dodging        | 2 |  2.1
Stealth        | 6 |  6.1
Fighting       | |  2.6
Throwing       | |  2.6

Action                   |  1- 3 |  4- 6 || total
-------------------------+-------+-------++-------
Melee: Dagger            |    33 |    70 ||   103
 Stab: Sleeping          |    10 |     6 ||    16
       Distracted        |     1 |       ||     1
Armor: Robe              |     4 |     6 ||    10
Dodge: Dodged            |    11 |    33 ||    44
